Monarchs vs Sasquatch
Created - 24 janvier 2017 at 19:01
Goals
|
| Monarchs |
2 |
1 |
1 |
4 |
| Sasquatch |
3 |
2 |
3 |
8 |
|
Shots
|
| Monarchs |
15 |
8 |
7 |
30 |
| Sasquatch |
13 |
16 |
5 |
34 |
|
1st period
1. Monarchs , Riley Cote 19 (Zac Rinaldo) at 2:48
2. Sasquatch , Brock Trotter 7 (Lars Eller) at 4:24
3. Monarchs , Kyle Clifford 18 (Shawn Matthias, Alec Martinez) at 12:37
4. Sasquatch , Nick Leddy 5 (Jonathan Blum, Drew Shore) at 13:39
5. Sasquatch , Jason Akeson 16 (Linus Omark, Josh Bailey) at 14:03
Penalties :
Lars Eller (Gat) for High sticking (Minor) at 14:25
2nd period
6. Sasquatch , Stephane Da Costa 12 (Teemu Hartikainen) at 1:22
7. Monarchs , Keaton Ellerby 1 (Riley Cote, Alexandre Grenier) at 5:33
8. Sasquatch , Garnet Hathaway 6 (Lars Eller, Brock Trotter) at 11:00
Penalties :
Brock Trotter (Gat) for Tripping (Minor) at 13:24
3rd period
9. Sasquatch , Lars Eller 23 (Garnet Hathaway, Nick Leddy) at 13:22
10. Sasquatch , Brock Trotter 8 (Nick Leddy, Linus Omark) at 18:22 (PP)
11. Sasquatch , Josh Bailey 9 (Linus Omark, James Wisniewski) at 18:36
12. Monarchs , Johnny Gaudreau 17 (Justin Williams, Tyler Toffoli) at 19:14
Penalties :
Ryan Strome (Gat) for Hooking (Minor) at 6:33, Andrej Sustr (Gat) for High sticking (Minor) at 8:53, Keaton Ellerby (MAN) for Holding (Minor) at 17:49
Goalie Stats
Ben Bishop (MAN), 16 saves from 20 shots - (0,800), L, 1-1-0, 38:38 minutes
Jhonas Enroth (MAN), 10 saves from 14 shots - (0,714), 21:22 minutes
Corey Crawford (Gat), 26 saves from 30 shots - (0,867), W, 14-3-1, 60:00 minutes
Players Stats for Monarchs
Player Name G A P +/- PIM S H SB GA TA FO MP PP MP PK MP
------------------------------------------------------------------------------------
Alec Martinez 0 1 1 -1 0 2 1 1 0 0 0/0 21:18 3:41 0:19
Alexandre Grenier 0 1 1 1 0 0 0 0 0 2 1/1 15:00 0:09 0:33
Anthony Peluso 0 0 0 0 0 0 1 1 0 0 0/0 7:19 0:00 0:00
Joe Morrow 0 0 0 -1 0 0 0 0 0 0 0/0 2:52 0:00 0:00
Johnny Gaudreau 1 0 1 -3 0 5 1 0 1 0 5/5 20:22 4:00 0:00
Jon Merrill 0 0 0 -1 0 2 0 0 0 0 0/0 16:55 0:00 0:14
Justin Faulk 0 0 0 -1 0 1 1 1 0 1 0/0 21:18 4:15 0:00
Justin Williams 0 1 1 -3 0 2 0 0 0 0 0/1 20:22 4:00 0:00
Keaton Ellerby 1 0 1 -1 2 1 2 2 2 0 0/0 20:59 3:41 0:00
Kyle Clifford 1 0 1 -1 0 3 2 0 2 0 0/0 17:19 3:47 0:00
Matt Tennyson 0 0 0 0 0 0 1 1 0 1 0/0 14:18 0:00 0:00
Riley Cote 1 1 2 1 0 6 0 1 0 2 1/1 15:00 0:09 0:33
Ryan White 0 0 0 0 0 1 2 0 0 0 1/2 7:19 0:00 0:00
Shawn Matthias 0 1 1 -1 0 2 3 0 1 0 7/15 17:19 3:47 0:00
Theo Peckham 0 0 0 0 0 0 1 0 0 0 0/0 14:37 0:00 0:19
Tobias Rieder 0 0 0 -1 0 0 1 0 0 0 0/1 17:21 4:00 0:00
Tom Gilbert 0 0 0 -1 0 0 0 0 0 0 0/0 7:42 4:15 0:14
Tyler McNeely 0 0 0 0 0 0 1 0 0 0 0/0 7:19 0:00 0:00
Tyler Toffoli 0 1 1 -3 0 3 0 1 0 1 17/28 20:20 3:47 0:00
Zac Rinaldo 0 1 1 1 0 2 1 0 0 0 4/11 14:27 0:09 0:00
Players Stats for Sasquatch
Player Name G A P +/- PIM S H SB GA TA FO MP PP MP PK MP
------------------------------------------------------------------------------------
Andrej Sustr 0 0 0 0 2 1 1 3 0 1 0/0 23:32 0:00 3:12
Andy Andreoff 0 0 0 1 0 0 0 0 0 0 0/0 8:21 0:00 1:58
Brock Trotter 2 1 3 1 2 5 0 0 0 0 1/1 16:46 0:10 1:20
Drew Shore 0 1 1 1 0 0 2 0 1 0 5/8 11:00 0:00 3:59
Garnet Hathaway 1 1 2 1 0 1 0 1 1 2 0/0 14:41 0:00 0:00
James Wisniewski 0 1 1 1 0 0 3 2 0 2 0/0 19:39 0:00 3:54
Jason Akeson 1 0 1 0 0 2 1 0 0 0 0/1 18:50 0:23 0:00
Jesper Fast 0 0 0 1 0 1 0 0 0 0 0/0 6:23 0:00 0:00
Jonathan Blum 0 1 1 2 0 2 1 0 0 0 0/0 23:57 0:33 4:02
Josh Bailey 1 1 2 0 0 1 0 1 0 0 14/27 18:27 0:00 0:00
Lars Eller 1 2 3 1 2 4 2 0 0 0 5/18 17:13 0:23 1:45
Linus Omark 0 3 3 0 0 4 0 1 2 0 2/3 21:22 0:23 2:21
Nick Leddy 1 2 3 1 0 2 1 1 0 1 0/0 24:44 0:33 0:50
Ryan Strome 0 0 0 1 2 0 0 0 0 0 0/0 11:10 0:10 0:00
Slava Voynov 0 0 0 1 0 2 0 1 0 0 0/0 15:17 0:00 3:30
Stephane Da Costa 1 0 1 1 0 5 1 0 2 0 2/7 12:09 0:10 1:00
Teemu Hartikainen 0 1 1 1 0 3 1 1 0 0 0/0 15:16 0:00 3:29
Yannick Weber 0 0 0 1 0 1 1 0 1 0 0/0 13:13 0:00 0:24
3 Stars
1 - Nick Leddy (Gat)
2 - Brock Trotter (Gat)
3 - Lars Eller (Gat)
Power Play
Monarchs - 0 on 4 Attempt(s) - 0,00%
Sasquatch - 1 on 1 Attempt(s) - 100,00%
Penalty Kill
Monarchs - 0 on 1 Attempt(s) - 0,00%
- Score 0 goal in Penalty Kill
Sasquatch - 4 on 4 Attempt(s) - 100,00%
- Score 0 goal in Penalty Kill
Team Stat
Monarchs - Hits : 18 - Faceoff Wins : 36 - Blocked Shots : 8 - Penalty Minutes : 2
Sasquatch - Hits : 14 - Faceoff Wins : 29 - Blocked Shots : 11 - Penalty Minutes : 8
Official
Referees : Sutherland Kelly and Peel Tim
Linesman : Ryan Galloway and Mike Cvik
Game Notes
Ben Bishop enters game at 1:22 of 2nd period
Finance
Level 1 -- Attendance: 1500 (75,00%) -- Ticket Income 52 500 $
Level 2 -- Attendance: 690 (69,00%) -- Ticket Income 10 350 $
Total Attendance: 2190 (73,00%)
Total Ticket Income: 62 850 $
Other Income: 3 142 $
Total Income: 65 992 $
Monarchs
5 vs 5 Forward
Center Left Wing Right Wing Time % Phy DF OF
1 Tyler Toffoli Johnny Gaudreau Justin Williams 35 0 2 3
2 Shawn Matthias Kyle Clifford Tobias Rieder 30 1 2 2
3 Zac Rinaldo Riley Cote Alexandre Grenier 25 1 2 2
4 Ryan White Tyler McNeely Anthony Peluso 10 1 2 2
5 vs 5 Defense
Defense Defense Time % Phy DF OF
1 Alec Martinez Jon Merrill 35 1 3 1
2 Keaton Ellerby Justin Faulk 35 1 3 1
3 Matt Tennyson Theo Peckham 25 1 3 1
4 Tom Gilbert Joe Morrow 5 1 3 1
PowerPlay Forward
Center Left Wing Right Wing Time % Phy DF OF
1 Johnny Gaudreau Justin Williams Tobias Rieder 60 0 1 4
2 Tyler Toffoli Kyle Clifford Shawn Matthias 40 0 1 4
PowerPlay Defense
Defense Defense Time % Phy DF OF
1 Tom Gilbert Justin Faulk 60 0 2 3
2 Keaton Ellerby Alec Martinez 40 0 2 3
Penalty Kill 4 Players Forward
Center Wing Time % Phy DF OF
1 Riley Cote Alexandre Grenier 60 1 2 2
2 Shawn Matthias Kyle Clifford 40 1 2 2
Penalty Kill 4 Players Defense
Defense Defense Time % Phy DF OF
1 Jon Merrill Keaton Ellerby 60 1 2 2
2 Alec Martinez Theo Peckham 40 1 2 2
Penalty Kill - 3 Players Forward
Forward Time % Phy DF OF
1 Riley Cote 60 1 2 2
2 Shawn Matthias 40 1 2 2
Penalty Kill - 3 Players Defense
Defense Defense Time % Phy DF OF
1 Keaton Ellerby Jon Merrill 60 1 2 2
2 Theo Peckham Alec Martinez 40 1 2 2
4 vs 4 Forward
Center Wing Time % Phy DF OF
1 Riley Cote Justin Williams 60 1 2 2
2 Shawn Matthias Johnny Gaudreau 40 1 2 2
4 vs 4 Defense
Defense Defense Time % Phy DF OF
1 Keaton Ellerby Tom Gilbert 60 1 2 2
2 Alec Martinez Matt Tennyson 40 1 2 2
Last Minutes Offensive
Center Left Wing Right Wing Defense Defense
Johnny Gaudreau Kyle Clifford Justin Williams Justin Faulk Tom Gilbert
Last Minutes Defensive
Center Left Wing Right Wing Defense Defense
Shawn Matthias Riley Cote Alexandre Grenier Alec Martinez Keaton Ellerby
Goaltenders
Starting : Jhonas Enroth
Backup : Ben Bishop
Extra Forwards
Normal : Johnny Gaudreau, Tyler Toffoli, Tobias Rieder - PP : Shawn Matthias, Zac Rinaldo - PK : Kyle Clifford
Extra Defensemen
Normal : Keaton Ellerby, Jon Merrill, Justin Faulk - PP : Joe Morrow - PK : Tom Gilbert, Matt Tennyson
Penalty Shots
Riley Cote, Justin Williams, Shawn Matthias, Johnny Gaudreau, Kyle Clifford
Sasquatch
5 vs 5 Forward
Center Left Wing Right Wing Time % Phy DF OF
1 Josh Bailey Linus Omark Jason Akeson 40 1 2 2
2 Lars Eller Brock Trotter Garnet Hathaway 30 1 2 2
3 Stephane Da Costa Teemu Hartikainen Ryan Strome 20 1 2 2
4 Drew Shore Andy Andreoff Jesper Fast 10 1 2 2
5 vs 5 Defense
Defense Defense Time % Phy DF OF
1 Nick Leddy Andrej Sustr 40 1 2 2
2 James Wisniewski Jonathan Blum 30 1 2 2
3 Slava Voynov Yannick Weber 20 1 2 2
4 Jonathan Blum Nick Leddy 10 1 2 2
PowerPlay Forward
Center Left Wing Right Wing Time % Phy DF OF
1 Lars Eller Linus Omark Jason Akeson 60 1 2 2
2 Stephane Da Costa Brock Trotter Ryan Strome 40 1 2 2
PowerPlay Defense
Defense Defense Time % Phy DF OF
1 Nick Leddy Jonathan Blum 60 1 2 2
2 Yannick Weber James Wisniewski 40 1 2 2
Penalty Kill 4 Players Forward
Center Wing Time % Phy DF OF
1 Drew Shore Teemu Hartikainen 60 1 2 2
2 Lars Eller Linus Omark 40 1 2 2
Penalty Kill 4 Players Defense
Defense Defense Time % Phy DF OF
1 Jonathan Blum Andrej Sustr 60 1 2 2
2 James Wisniewski Slava Voynov 40 1 2 2
Penalty Kill - 3 Players Forward
Forward Time % Phy DF OF
1 Lars Eller 60 1 2 2
2 Drew Shore 40 1 2 2
Penalty Kill - 3 Players Defense
Defense Defense Time % Phy DF OF
1 Slava Voynov Andrej Sustr 60 1 2 2
2 James Wisniewski Jonathan Blum 40 1 2 2
4 vs 4 Forward
Center Wing Time % Phy DF OF
1 Josh Bailey Brock Trotter 60 1 2 2
2 Stephane Da Costa Linus Omark 40 1 2 2
4 vs 4 Defense
Defense Defense Time % Phy DF OF
1 Andrej Sustr Nick Leddy 60 1 2 2
2 Yannick Weber Jonathan Blum 40 1 2 2
Last Minutes Offensive
Center Left Wing Right Wing Defense Defense
Stephane Da Costa Linus Omark Jason Akeson Nick Leddy Jonathan Blum
Last Minutes Defensive
Center Left Wing Right Wing Defense Defense
Drew Shore Linus Omark Garnet Hathaway James Wisniewski Andrej Sustr
Goaltenders
Starting : Corey Crawford
Backup : Jake Allen
Extra Forwards
Normal : Teemu Hartikainen, Drew Shore, Brock Trotter - PP : Josh Bailey, Linus Omark - PK : Brock Trotter
Extra Defensemen
Normal : Jonathan Blum, Yannick Weber, James Wisniewski - PP : Andrej Sustr - PK : Nick Leddy, Yannick Weber
Penalty Shots
Linus Omark, Lars Eller, Jason Akeson, Ryan Strome, James Wisniewski
% Time on Ice - Monarchs
Lines # - Real PCT - Wanted PCT - Time Play
Normal Forward
1 - 32% - 35% - 16:22
2 - 26% - 30% - 13:32
3 - 28% - 25% - 14:18
4 - 14% - 10% - 7:19
Normal Defense
1 - 33% - 35% - 17:02
2 - 34% - 35% - 17:19
3 - 28% - 25% - 14:18
4 - 6% - 5% - 2:52
PP Forward
1 - 52% - 60% - 4:09
2 - 48% - 40% - 3:47
PP Defense
1 - 54% - 60% - 4:15
2 - 46% - 40% - 3:41
PK Forward
1 - 100% - 60% - 0:33
2 - 0% - 40% - 0:00
PK Defense
1 - 42% - 60% - 0:14
2 - 58% - 40% - 0:19
PK3 Forward
1 - 0% - 60%
2 - 0% - 40%
PK3 Defense
1 - 0% - 60%
2 - 0% - 40%
44 Forward
1 - 0% - 60%
2 - 0% - 40%
44 Defense
1 - 0% - 60%
2 - 0% - 40%
Last Minute Offensive - 0:00
Last Minute Defensive - 0:00
Total
Forward - 60:00
Defense - 60:00
|
% Time on Ice - Sasquatch
Lines # - Real PCT - Wanted PCT - Time Play
Normal Forward
1 - 38% - 40% - 19:28
2 - 29% - 30% - 14:41
3 - 21% - 20% - 10:59
4 - 12% - 10% - 6:23
Normal Defense
1 - 39% - 40% - 20:10
2 - 28% - 30% - 14:37
3 - 23% - 20% - 11:47
4 - 10% - 10% - 4:57
PP Forward
1 - 70% - 60% - 0:23
2 - 30% - 40% - 0:10
PP Defense
1 - 100% - 60% - 0:33
2 - 0% - 40% - 0:00
PK Forward
1 - 71% - 60% - 5:40
2 - 29% - 40% - 2:16
PK Defense
1 - 56% - 60% - 4:26
2 - 44% - 40% - 3:30
PK3 Forward
1 - 0% - 60%
2 - 0% - 40%
PK3 Defense
1 - 0% - 60%
2 - 0% - 40%
44 Forward
1 - 0% - 60%
2 - 0% - 40%
44 Defense
1 - 0% - 60%
2 - 0% - 40%
Last Minute Offensive - 0:00
Last Minute Defensive - 0:00
Total
Forward - 60:00
Defense - 60:00
|
Play by Play
1st period
0:01 of 1st period - Tyler Toffoli wins face-off versus Josh Bailey in neutral zone.
0:06 of 1st period - Slapshot by Tyler Toffoli.
0:06 of 1st period - Stopped by Corey Crawford without a rebound.
0:07 of 1st period - Tyler Toffoli wins face-off versus Josh Bailey in Sasquatch zone.
0:36 of 1st period - Snap shot by Kyle Clifford.
0:36 of 1st period - Stopped by Corey Crawford with a rebound.
0:38 of 1st period - Slapshot by Jon Merrill.
0:38 of 1st period - Stopped by Corey Crawford with a rebound.
0:40 of 1st period - Slapshot by Jon Merrill.
0:40 of 1st period - Stopped by Corey Crawford with a rebound.
0:42 of 1st period - Slapshot by Kyle Clifford.
0:42 of 1st period - Shot Misses the Net.
0:52 of 1st period - Snap shot by Stephane Da Costa.
0:52 of 1st period - Shot Blocked by Justin Faulk.
2:40 of 1st period - Slapshot by Tyler Toffoli.
2:40 of 1st period - Stopped by Corey Crawford without a rebound.
2:41 of 1st period - Zac Rinaldo wins face-off versus Josh Bailey in Sasquatch zone.
2:46 of 1st period - Wrist shot by Riley Cote.
2:46 of 1st period - Shot Blocked by Slava Voynov.
2:48 of 1st period - Wrist shot by Riley Cote.
2:48 of 1st period - Goal by Riley Cote - Monarchs : 1 - Sasquatch : 0.
2:49 of 1st period - Shawn Matthias wins face-off versus Stephane Da Costa in neutral zone.
3:03 of 1st period - Off-side.
3:04 of 1st period - Josh Bailey wins face-off versus Zac Rinaldo in neutral zone.
4:14 of 1st period - Wrist shot by Brock Trotter.
4:14 of 1st period - Shot Misses the Net.
4:24 of 1st period - Snap shot by Brock Trotter.
4:24 of 1st period - Goal by Brock Trotter - Monarchs : 1 - Sasquatch : 1.
4:25 of 1st period - Josh Bailey wins face-off versus Zac Rinaldo in neutral zone.
4:34 of 1st period - Backhand shot by Jason Akeson.
4:34 of 1st period - Shot Misses the Net.
4:58 of 1st period - Wrist shot by Teemu Hartikainen.
4:58 of 1st period - Stopped by Jhonas Enroth without a rebound.
4:59 of 1st period - Lars Eller wins face-off versus Shawn Matthias in Monarchs zone.
5:27 of 1st period - Off-side.
5:28 of 1st period - Linus Omark wins face-off versus Zac Rinaldo in neutral zone.
5:43 of 1st period - Wrist shot by Riley Cote.
5:43 of 1st period - Deflect By Zac Rinaldo.
5:43 of 1st period - Stopped by Corey Crawford with a rebound.
5:53 of 1st period - Wrist shot by Josh Bailey.
5:53 of 1st period - Shot Misses the Net.
5:55 of 1st period - Snap shot by Linus Omark.
5:55 of 1st period - Stopped by Jhonas Enroth with a rebound.
6:49 of 1st period - Wrist shot by Linus Omark.
6:49 of 1st period - Stopped by Jhonas Enroth without a rebound.
6:50 of 1st period - Tyler Toffoli wins face-off versus Stephane Da Costa in Monarchs zone.
7:24 of 1st period - Slapshot by Brock Trotter.
7:24 of 1st period - Stopped by Jhonas Enroth without a rebound.
7:25 of 1st period - Drew Shore wins face-off versus Tyler Toffoli in Monarchs zone.
7:40 of 1st period - Wrist shot by Johnny Gaudreau.
7:40 of 1st period - Stopped by Corey Crawford with a rebound.
7:50 of 1st period - Anthony Peluso is hit by Andrej Sustr and loses puck.
8:19 of 1st period - Snap shot by Stephane Da Costa.
8:19 of 1st period - Stopped by Jhonas Enroth without a rebound.
8:20 of 1st period - Tyler Toffoli wins face-off versus Lars Eller in Monarchs zone.
8:20 of 1st period - Tyler Toffoli is hit by Lars Eller.
8:35 of 1st period - Wrist shot by Brock Trotter.
8:35 of 1st period - Shot Blocked by Tyler Toffoli.
8:45 of 1st period - Linus Omark is hit by Kyle Clifford and loses puck.
9:10 of 1st period - Slapshot by Jonathan Blum.
9:10 of 1st period - Shot Misses the Net.
9:12 of 1st period - Slapshot by James Wisniewski.
9:12 of 1st period - Shot Blocked by Riley Cote.
9:14 of 1st period - Wrist shot by Teemu Hartikainen.
9:14 of 1st period - Stopped by Jhonas Enroth without a rebound.
9:15 of 1st period - Tyler Toffoli wins face-off versus Lars Eller in Monarchs zone.
9:19 of 1st period - Off-side.
9:20 of 1st period - Tyler Toffoli wins face-off versus Lars Eller in neutral zone.
10:33 of 1st period - Slapshot by Yannick Weber.
10:33 of 1st period - Stopped by Jhonas Enroth without a rebound.
10:34 of 1st period - Stephane Da Costa wins face-off versus Tyler Toffoli in Monarchs zone.
10:45 of 1st period - Snap shot by Tyler Toffoli.
10:45 of 1st period - Shot Misses the Net.
10:47 of 1st period - Snap shot by Jon Merrill.
10:47 of 1st period - Shot Blocked by Andrej Sustr.
10:49 of 1st period - Snap shot by Alec Martinez.
10:49 of 1st period - Stopped by Corey Crawford with a rebound.
10:59 of 1st period - Nick Leddy is hit by Kyle Clifford and loses puck.
11:28 of 1st period - Drew Shore is hit by Ryan White and loses puck.
11:48 of 1st period - Wrist shot by Zac Rinaldo.
11:48 of 1st period - Stopped by Corey Crawford with a rebound.
12:01 of 1st period - Off-side.
12:02 of 1st period - Tyler Toffoli wins face-off versus Stephane Da Costa in neutral zone.
12:28 of 1st period - Jon Merrill is hit by Nick Leddy and loses puck.
12:37 of 1st period - Wrist shot by Kyle Clifford.
12:37 of 1st period - Goal by Kyle Clifford - Monarchs : 2 - Sasquatch : 1.
12:38 of 1st period - Tyler Toffoli wins face-off versus Lars Eller in neutral zone.
12:43 of 1st period - Snap shot by Johnny Gaudreau.
12:43 of 1st period - Stopped by Corey Crawford without a rebound.
12:44 of 1st period - Tyler Toffoli wins face-off versus Lars Eller in Sasquatch zone.
13:35 of 1st period - Slapshot by Nick Leddy.
13:35 of 1st period - Stopped by Jhonas Enroth with a rebound.
13:37 of 1st period - Slapshot by Jonathan Blum.
13:37 of 1st period - Stopped by Jhonas Enroth with a rebound.
13:39 of 1st period - Slapshot by Nick Leddy.
13:39 of 1st period - Goal by Nick Leddy - Monarchs : 2 - Sasquatch : 2.
13:40 of 1st period - Johnny Gaudreau wins face-off versus Josh Bailey in neutral zone.
13:49 of 1st period - Slapshot by Linus Omark.
13:49 of 1st period - Deflect By Jason Akeson.
13:49 of 1st period - Shot Misses the Net.
13:49 of 1st period - Puck is out of play.
13:50 of 1st period - Josh Bailey wins face-off versus Tyler Toffoli in Monarchs zone.
14:01 of 1st period - Snap shot by Linus Omark.
14:01 of 1st period - Shot Misses the Net.
14:03 of 1st period - Slapshot by Jason Akeson.
14:03 of 1st period - Goal by Jason Akeson - Monarchs : 2 - Sasquatch : 3.
14:04 of 1st period - Shawn Matthias wins face-off versus Lars Eller in neutral zone.
14:25 of 1st period - Minor Penalty to Lars Eller for High sticking.
14:26 of 1st period - Johnny Gaudreau wins face-off versus Drew Shore in Sasquatch zone.
15:20 of 1st period - Slapshot by Slava Voynov.
15:20 of 1st period - Stopped by Jhonas Enroth with a rebound.
16:25 of 1st period - Penalty to Lars Eller is over, Lars Eller is back on ice.
16:54 of 1st period - Off-side.
16:55 of 1st period - Josh Bailey wins face-off versus Zac Rinaldo in neutral zone.
17:06 of 1st period - Wrist shot by Riley Cote.
17:06 of 1st period - Stopped by Corey Crawford without a rebound.
17:07 of 1st period - Tyler Toffoli wins face-off versus Lars Eller in Sasquatch zone.
17:38 of 1st period - Off-side.
17:39 of 1st period - Shawn Matthias wins face-off versus Jason Akeson in neutral zone.
17:41 of 1st period - Off-side.
17:42 of 1st period - Shawn Matthias wins face-off versus Josh Bailey in neutral zone.
18:07 of 1st period - Wrist shot by Riley Cote.
18:07 of 1st period - Shot Misses the Net.
18:09 of 1st period - Wrist shot by Zac Rinaldo.
18:09 of 1st period - Shot Misses the Net.
18:11 of 1st period - Snap shot by Riley Cote.
18:11 of 1st period - Stopped by Corey Crawford with a rebound.
18:15 of 1st period - Wrist shot by Riley Cote.
18:15 of 1st period - Stopped by Corey Crawford with a rebound.
19:01 of 1st period - Jonathan Blum is hit by Alec Martinez and loses puck.
19:31 of 1st period - Icing by Kyle Clifford.
19:32 of 1st period - Zac Rinaldo wins face-off versus Lars Eller in Monarchs zone.
Goals for this period are 2 for Monarchs vs 3 for Sasquatch.
Shots for this period are 15 for Monarchs vs 13 for Sasquatch.
2nd period
0:01 of 2nd period - Josh Bailey wins face-off versus Tyler Toffoli in neutral zone.
0:14 of 2nd period - Snap shot by Johnny Gaudreau.
0:14 of 2nd period - Shot Blocked by Linus Omark.
0:16 of 2nd period - Slapshot by Justin Faulk.
0:16 of 2nd period - Stopped by Corey Crawford with a rebound.
0:41 of 2nd period - Snap shot by Riley Cote.
0:41 of 2nd period - Stopped by Corey Crawford without a rebound.
0:42 of 2nd period - Zac Rinaldo wins face-off versus Stephane Da Costa in Sasquatch zone.
0:52 of 2nd period - Icing by Andrej Sustr.
0:53 of 2nd period - Stephane Da Costa wins face-off versus Tyler Toffoli in Sasquatch zone.
1:22 of 2nd period - Snap shot by Stephane Da Costa.
1:22 of 2nd period - Goal by Stephane Da Costa - Monarchs : 2 - Sasquatch : 4.
1:22 of 2nd period - Ben Bishop enters game.
1:23 of 2nd period - Josh Bailey wins face-off versus Tyler Toffoli in neutral zone.
1:36 of 2nd period - Snap shot by Johnny Gaudreau.
1:36 of 2nd period - Stopped by Corey Crawford without a rebound.
1:37 of 2nd period - Shawn Matthias wins face-off versus Lars Eller in Sasquatch zone.
1:40 of 2nd period - Slapshot by Shawn Matthias.
1:40 of 2nd period - Stopped by Corey Crawford with a rebound.
2:31 of 2nd period - Snap shot by Drew Shore.
2:31 of 2nd period - Shot Hit the Post.
2:33 of 2nd period - Backhand shot by Jonathan Blum.
2:33 of 2nd period - Stopped by Ben Bishop with a rebound.
2:35 of 2nd period - Slapshot by Drew Shore.
2:35 of 2nd period - Shot Misses the Net.
3:11 of 2nd period - Wrist shot by Lars Eller.
3:11 of 2nd period - Stopped by Ben Bishop without a rebound.
3:12 of 2nd period - Lars Eller wins face-off versus Shawn Matthias in Monarchs zone.
3:33 of 2nd period - Wrist shot by Shawn Matthias.
3:33 of 2nd period - Stopped by Corey Crawford without a rebound.
3:34 of 2nd period - Tyler Toffoli wins face-off versus Linus Omark in Sasquatch zone.
4:25 of 2nd period - Snap shot by Garnet Hathaway.
4:25 of 2nd period - Shot Misses the Net.
4:40 of 2nd period - Off-side.
4:41 of 2nd period - Drew Shore wins face-off versus Shawn Matthias in neutral zone.
5:33 of 2nd period - Snap shot by Keaton Ellerby.
5:33 of 2nd period - Goal by Keaton Ellerby - Monarchs : 3 - Sasquatch : 4.
5:34 of 2nd period - Josh Bailey wins face-off versus Tyler Toffoli in neutral zone.
5:43 of 2nd period - Snap shot by Justin Williams.
5:43 of 2nd period - Shot Blocked by Josh Bailey.
5:56 of 2nd period - Icing by Andrej Sustr.
5:57 of 2nd period - Josh Bailey wins face-off versus Shawn Matthias in Sasquatch zone.
5:57 of 2nd period - Josh Bailey is hit by Shawn Matthias.
6:05 of 2nd period - Snap shot by Alec Martinez.
6:05 of 2nd period - Stopped by Corey Crawford with a rebound.
6:33 of 2nd period - Backhand shot by Stephane Da Costa.
6:33 of 2nd period - Stopped by Ben Bishop with a rebound.
7:03 of 2nd period - Justin Faulk is hit by James Wisniewski and loses puck.
7:26 of 2nd period - Snap shot by Brock Trotter.
7:26 of 2nd period - Stopped by Ben Bishop without a rebound.
7:27 of 2nd period - Lars Eller wins face-off versus Tyler Toffoli in Monarchs zone.
7:34 of 2nd period - Snap shot by Brock Trotter.
7:34 of 2nd period - Stopped by Ben Bishop without a rebound.
7:35 of 2nd period - Josh Bailey wins face-off versus Tyler Toffoli in Monarchs zone.
7:47 of 2nd period - Slapshot by Justin Williams.
7:47 of 2nd period - Stopped by Corey Crawford without a rebound.
7:48 of 2nd period - Tyler Toffoli wins face-off versus Josh Bailey in Sasquatch zone.
8:00 of 2nd period - Off-side.
8:01 of 2nd period - Josh Bailey wins face-off versus Zac Rinaldo in neutral zone.
8:26 of 2nd period - Garnet Hathaway is hit by Theo Peckham and loses puck.
9:12 of 2nd period - Wrist shot by Stephane Da Costa.
9:12 of 2nd period - Shot Misses the Net.
9:16 of 2nd period - Snap shot by Stephane Da Costa.
9:16 of 2nd period - Stopped by Ben Bishop with a rebound.
9:18 of 2nd period - Snap shot by Stephane Da Costa.
9:18 of 2nd period - Stopped by Ben Bishop with a rebound.
9:20 of 2nd period - Wrist shot by Teemu Hartikainen.
9:20 of 2nd period - Stopped by Ben Bishop with a rebound.
10:00 of 2nd period - Slapshot by Linus Omark.
10:00 of 2nd period - Stopped by Ben Bishop with a rebound.
10:02 of 2nd period - Slapshot by Slava Voynov.
10:02 of 2nd period - Stopped by Ben Bishop without a rebound.
10:03 of 2nd period - Linus Omark wins face-off versus Tyler Toffoli in Monarchs zone.
10:31 of 2nd period - Johnny Gaudreau is hit by James Wisniewski and loses puck.
10:46 of 2nd period - Wrist shot by Johnny Gaudreau.
10:46 of 2nd period - Shot Blocked by Nick Leddy.
10:48 of 2nd period - Slapshot by Matt Tennyson.
10:48 of 2nd period - Shot Blocked by James Wisniewski.
10:50 of 2nd period - Slapshot by Justin Williams.
10:50 of 2nd period - Deflect By Tyler Toffoli.
10:50 of 2nd period - Shot Blocked by James Wisniewski.
10:50 of 2nd period - Puck is out of play.
10:51 of 2nd period - Brock Trotter wins face-off versus Shawn Matthias in Sasquatch zone.
10:58 of 2nd period - Wrist shot by Lars Eller.
10:58 of 2nd period - Stopped by Ben Bishop with a rebound.
11:00 of 2nd period - Wrist shot by Garnet Hathaway.
11:00 of 2nd period - Goal by Garnet Hathaway - Monarchs : 3 - Sasquatch : 5.
11:01 of 2nd period - Shawn Matthias wins face-off versus Josh Bailey in neutral zone.
11:06 of 2nd period - Josh Bailey is hit by Shawn Matthias and loses puck.
11:27 of 2nd period - Wrist shot by Nick Leddy.
11:27 of 2nd period - Shot Blocked by Alec Martinez.
11:29 of 2nd period - Wrist shot by Andrej Sustr.
11:29 of 2nd period - Stopped by Ben Bishop without a rebound.
11:30 of 2nd period - Alexandre Grenier wins face-off versus Stephane Da Costa in Monarchs zone.
13:04 of 2nd period - Off-side.
13:05 of 2nd period - Shawn Matthias wins face-off versus Josh Bailey in neutral zone.
13:16 of 2nd period - Snap shot by Jason Akeson.
13:16 of 2nd period - Stopped by Ben Bishop without a rebound.
13:17 of 2nd period - Tyler Toffoli wins face-off versus Lars Eller in Monarchs zone.
13:17 of 2nd period - Tyler Toffoli is hit by James Wisniewski.
13:24 of 2nd period - Minor Penalty to Brock Trotter for Tripping.
13:25 of 2nd period - Drew Shore wins face-off versus Tobias Rieder in Sasquatch zone.
15:22 of 2nd period - Tyler Toffoli is hit by Drew Shore and loses puck.
15:24 of 2nd period - Penalty to Brock Trotter is over, Brock Trotter is back on ice.
15:29 of 2nd period - Brock Trotter is hit by Keaton Ellerby and loses puck.
16:03 of 2nd period - Theo Peckham is hit by Jason Akeson and loses puck.
17:56 of 2nd period - Tobias Rieder is hit by Drew Shore and loses puck.
18:09 of 2nd period - Wrist shot by Lars Eller.
18:09 of 2nd period - Deflect By Alec Martinez.
18:09 of 2nd period - Stopped by Ben Bishop with a rebound.
18:21 of 2nd period - James Wisniewski is hit by Zac Rinaldo.
18:33 of 2nd period - Slapshot by Ryan White.
18:33 of 2nd period - Shot Misses the Net.
19:23 of 2nd period - Alexandre Grenier is hit by Teemu Hartikainen and loses puck.
19:39 of 2nd period - Jonathan Blum is hit by Ryan White and loses puck.
Goals for this period are 1 for Monarchs vs 2 for Sasquatch.
Shots for this period are 8 for Monarchs vs 16 for Sasquatch.
3rd period
0:01 of 3rd period - Josh Bailey wins face-off versus Justin Williams in neutral zone.
1:07 of 3rd period - Yannick Weber is hit by Tyler McNeely and loses puck.
2:23 of 3rd period - Brock Trotter is hit by Matt Tennyson and loses puck.
3:32 of 3rd period - Off-side.
3:33 of 3rd period - Zac Rinaldo wins face-off versus Lars Eller in neutral zone.
3:42 of 3rd period - Wrist shot by Riley Cote.
3:42 of 3rd period - Stopped by Corey Crawford without a rebound.
3:43 of 3rd period - Lars Eller wins face-off versus Zac Rinaldo in Sasquatch zone.
4:25 of 3rd period - Snap shot by Garnet Hathaway.
4:25 of 3rd period - Deflect By Brock Trotter.
4:25 of 3rd period - Shot Blocked by Keaton Ellerby.
4:25 of 3rd period - Puck is out of play.
4:26 of 3rd period - Johnny Gaudreau wins face-off versus Josh Bailey in Monarchs zone.
4:53 of 3rd period - Ryan Strome is hit by Anthony Peluso and loses puck.
5:48 of 3rd period - Justin Williams is hit by Lars Eller.
6:33 of 3rd period - Minor Penalty to Ryan Strome for Hooking.
6:34 of 3rd period - Johnny Gaudreau wins face-off versus Drew Shore in Sasquatch zone.
7:16 of 3rd period - Snap shot by Linus Omark.
7:16 of 3rd period - Deflect By Lars Eller.
7:16 of 3rd period - Shot Misses the Net.
7:16 of 3rd period - Puck is out of play.
7:17 of 3rd period - Drew Shore wins face-off versus Shawn Matthias in Monarchs zone.
7:36 of 3rd period - Snap shot by Johnny Gaudreau.
7:36 of 3rd period - Shot Misses the Net.
7:38 of 3rd period - Snap shot by Justin Williams.
7:38 of 3rd period - Shot Misses the Net.
8:02 of 3rd period - Jonathan Blum is hit by Keaton Ellerby.
8:33 of 3rd period - Penalty to Ryan Strome is over, Ryan Strome is back on ice.
8:53 of 3rd period - Minor Penalty to Andrej Sustr for High sticking.
8:54 of 3rd period - Johnny Gaudreau wins face-off versus Drew Shore in Sasquatch zone.
9:37 of 3rd period - Snap shot by Lars Eller.
9:37 of 3rd period - Shot Misses the Net.
9:56 of 3rd period - Slapshot by Justin Faulk.
9:56 of 3rd period - Shot Blocked by Teemu Hartikainen.
10:02 of 3rd period - Shawn Matthias is hit by Jonathan Blum.
10:53 of 3rd period - Penalty to Andrej Sustr is over, Andrej Sustr is back on ice.
11:32 of 3rd period - Icing by Theo Peckham.
11:33 of 3rd period - Drew Shore wins face-off versus Zac Rinaldo in Monarchs zone.
11:38 of 3rd period - Snap shot by Jesper Fast.
11:38 of 3rd period - Shot Misses the Net.
11:40 of 3rd period - Snap shot by Jesper Fast.
11:40 of 3rd period - Shot Blocked by Matt Tennyson.
11:42 of 3rd period - Wrist shot by Drew Shore.
11:42 of 3rd period - Deflect By Jesper Fast.
11:42 of 3rd period - Stopped by Ben Bishop with a rebound.
11:44 of 3rd period - Slapshot by Andrej Sustr.
11:44 of 3rd period - Shot Misses the Net.
12:18 of 3rd period - Wrist shot by Ryan White.
12:18 of 3rd period - Stopped by Corey Crawford without a rebound.
12:19 of 3rd period - Lars Eller wins face-off versus Ryan White in Sasquatch zone.
12:28 of 3rd period - Slapshot by Slava Voynov.
12:28 of 3rd period - Shot Blocked by Anthony Peluso.
12:46 of 3rd period - Wrist shot by Justin Williams.
12:46 of 3rd period - Shot Misses the Net.
12:54 of 3rd period - Slapshot by Johnny Gaudreau.
12:54 of 3rd period - Stopped by Corey Crawford with a rebound.
13:14 of 3rd period - Snap shot by Kyle Clifford.
13:14 of 3rd period - Stopped by Corey Crawford without a rebound.
13:15 of 3rd period - Tyler Toffoli wins face-off versus Lars Eller in Sasquatch zone.
13:22 of 3rd period - Wrist shot by Lars Eller.
13:22 of 3rd period - Goal by Lars Eller - Monarchs : 3 - Sasquatch : 6.
13:23 of 3rd period - Tyler Toffoli wins face-off versus Josh Bailey in neutral zone.
13:28 of 3rd period - Snap shot by Johnny Gaudreau.
13:28 of 3rd period - Shot Blocked by Andrej Sustr.
13:30 of 3rd period - Slapshot by Tyler Toffoli.
13:30 of 3rd period - Stopped by Corey Crawford without a rebound.
13:31 of 3rd period - Tyler Toffoli wins face-off versus Josh Bailey in Sasquatch zone.
13:36 of 3rd period - Wrist shot by Justin Williams.
13:36 of 3rd period - Deflect By Johnny Gaudreau.
13:36 of 3rd period - Shot Blocked by Andrej Sustr.
13:36 of 3rd period - Puck is out of play.
13:37 of 3rd period - Josh Bailey wins face-off versus Shawn Matthias in Sasquatch zone.
14:10 of 3rd period - Snap shot by Justin Williams.
14:10 of 3rd period - Shot Blocked by Garnet Hathaway.
15:07 of 3rd period - Nick Leddy is hit by Tobias Rieder.
15:21 of 3rd period - Slava Voynov is hit by Shawn Matthias.
15:33 of 3rd period - Garnet Hathaway is hit by Johnny Gaudreau and loses puck.
16:10 of 3rd period - Zac Rinaldo is hit by Stephane Da Costa and loses puck.
16:20 of 3rd period - Off-side.
16:21 of 3rd period - Ryan White wins face-off versus Josh Bailey in neutral zone.
16:55 of 3rd period - Slapshot by Alec Martinez.
16:55 of 3rd period - Shot Misses the Net.
17:37 of 3rd period - Jon Merrill is hit by Yannick Weber and loses puck.
17:49 of 3rd period - Minor Penalty to Keaton Ellerby for Holding.
17:50 of 3rd period - Riley Cote wins face-off versus Lars Eller in Monarchs zone.
18:18 of 3rd period - Slapshot by Nick Leddy.
18:18 of 3rd period - Shot Misses the Net.
18:20 of 3rd period - Wrist shot by Brock Trotter.
18:20 of 3rd period - Shot Misses the Net.
18:22 of 3rd period - Snap shot by Brock Trotter.
18:22 of 3rd period - Goal by Brock Trotter - Monarchs : 3 - Sasquatch : 7.
18:23 of 3rd period - Josh Bailey wins face-off versus Tyler Toffoli in neutral zone.
18:34 of 3rd period - Snap shot by Linus Omark.
18:34 of 3rd period - Stopped by Ben Bishop with a rebound.
18:36 of 3rd period - Snap shot by Josh Bailey.
18:36 of 3rd period - Goal by Josh Bailey - Monarchs : 3 - Sasquatch : 8.
18:37 of 3rd period - Josh Bailey wins face-off versus Shawn Matthias in neutral zone.
18:39 of 3rd period - Nick Leddy is hit by Justin Faulk.
18:49 of 3rd period - Wrist shot by Josh Bailey.
18:49 of 3rd period - Shot Misses the Net.
18:51 of 3rd period - Wrist shot by Jason Akeson.
18:51 of 3rd period - Shot Hit the Post.
18:53 of 3rd period - Wrist shot by Jason Akeson.
18:53 of 3rd period - Shot Blocked by Keaton Ellerby.
19:12 of 3rd period - Snap shot by Justin Williams.
19:12 of 3rd period - Stopped by Corey Crawford with a rebound.
19:14 of 3rd period - Wrist shot by Johnny Gaudreau.
19:14 of 3rd period - Goal by Johnny Gaudreau - Monarchs : 4 - Sasquatch : 8.
19:15 of 3rd period - Tyler Toffoli wins face-off versus Josh Bailey in neutral zone.
Goals for this period are 1 for Monarchs vs 3 for Sasquatch.
Shots for this period are 7 for Monarchs vs 5 for Sasquatch.
Back to the Top